 Dungeon Crawl Stone Soup version 0.18.1-48-g4cf74bf (webtiles) character file.

483 raph the Firebug (level 6, -5/32 HPs)
             Began as a Deep Elf Fire Elementalist on July 12, 2016.
             Was an Initiate of Vehumet.
             Slain by a river rat (8 damage)
             ... summoned by Eustachio
             ... on level 6 of the Dungeon.
             The game lasted 00:13:59 (6250 turns).

raph the Firebug (Deep Elf Fire Elementalist)       Turns: 6250, Time: 00:14:00

Health: -5/32      AC:  6    Str:  6    XL:     6   Next: 88%
Magic:  10/15      EV: 12    Int: 21    God:    Vehumet [......]
Gold:   312        SH:  0    Dex: 15    Spells: 5 memorised, 1 level left

rFire  + . .     SeeInvis .     w - +2 short sword (elec)
rCold  . . .     Gourm    .     D - +2 leather armour {rF+}
rNeg   . . .     Faith    .     (no shield)
rPois  +         Spirit   .     (no helmet)
rElec  .         Dismiss  .     (no cloak)
rCorr  .         Reflect  .     j - +0 pair of gloves
SustAt .         Harm     .     (no boots)
MR     .....                    (no amulet)
Stlth  ++........               (no ring)
                                q - ring of poison resistance

@: very slightly contaminated, not resistant to hostile enchantments, unstealthy
A: no striking features
a: Renounce Religion


You were on level 6 of the Dungeon.
You worshipped Vehumet.
Vehumet was noncommittal.
You were not hungry.

You visited 2 branches of the dungeon, and saw 7 of its levels.

You collected 312 gold pieces.

Inventory:

Hand Weapons
 e - a +0 short sword
 o - a +0 whip of electrocution
 w - a +2 short sword of electrocution (weapon)
Missiles
 h - 3 silver javelins (quivered)
 x - 4 tomahawks
Armour
 a - a +0 robe
 i - a +1 leather armour of fire resistance
 j - a +0 pair of gloves (worn)
 B - a +0 buckler
 D - a +2 leather armour of fire resistance (worn)
Jewellery
 k - an uncursed ring of ice
 q - a ring of poison resistance (left hand)
Wands
 C - a wand of iceblast (8/15)
 F - a wand of flame (14/48)
Scrolls
 c - 2 scrolls of remove curse
 f - a scroll of random uselessness {unknown}
 m - 6 scrolls of identify {unknown}
 t - 2 scrolls of enchant weapon {unknown}
 y - a scroll of enchant armour {unknown}
 A - a scroll of immolation {unknown}
 E - 2 scrolls of fear {unknown}
Potions
 d - a potion of lignification {unknown}
 g - 2 potions of degeneration {unknown}
 l - a potion of ambrosia {unknown}
 n - 5 potions of curing {unknown}
 p - a potion of cancellation {unknown}
 s - 2 potions of heal wounds {unknown}
 z - a potion of haste {unknown}
Books
 b - a book of Flames

   Spells                             Type                      Level
   a - Flame Tongue                   Conjuration/Fire             1
   b - Throw Flame                    Conjuration/Fire             2
   c - Conjure Flame                  Conjuration/Fire             3
   d - Inner Flame                    Hexes/Fire                   3
   e - Sticky Flame                   Conjuration/Fire             4
   f - Fireball                       Conjuration/Fire             5
 G - a book of Burglary

   Spells                             Type                      Level
   a - Swiftness                      Charms/Air                   2
   b - Passwall                       Transmutation/Earth          2
   c - Passage of Golubria            Translocation                4
   d - Lee's Rapid Deconstruction     Earth                        5
   e - Darkness                       Hexes                        6
   f - Invisibility                   Hexes                        6
Comestibles
 r - 4 fruits
 u - 3 bread rations
 v - 2 meat rations


   Skills:
 + Level 2.6 Armour
 - Level 2.4 Dodging
 + Level 2.8 Stealth
 + Level 1.1 Shields
 + Level 4.6 Spellcasting
 + Level 2.5 Conjurations
 + Level 6.1 Fire Magic


You had one spell level left.
You knew the following spells:

 Your Spells              Type           Power        Failure   Level  Hunger
a - Flame Tongue          Conj/Fire      ###..        2%          1    None
b - Throw Flame           Conj/Fire      ###...       4%          2    #......
c - Conjure Flame         Conj/Fire      ###.....     10%         3    ##.....
d - Inner Flame           Hex/Fire       ###.....     17%         3    ##.....
e - Sticky Flame          Conj/Fire      ###.....     28%         4    ####...


Dungeon Overview and Level Annotations

Branches:
Dungeon (6/15)             Temple (1/1) D:5

Altars:
Ashenzari
Cheibriados
Dithmenos
Elyvilon
Gozag
Kikubaaqudgha
Nemelex Xobeh
Okawaru
Qazlal
Ru
Sif Muna
Trog
Vehumet
Xom
Yredelemnul
Zin

Annotations:
D:5 Mesmaeker13's ghost, novice DsGl
D:6 Eustachio


Message History

You kill the quokka!
The quokka's corpse disappears in a puff of smoke!
Casting: Flame Tongue
Confirm with . or Enter, or press ? or * to list all spells.
Aiming: Flame Tongue
Press: ? - help, Shift-Dir - straight line, f - river rat
Aim: a river rat (grey smoke, summoned)
The flame tongue hits the river rat.
The river rat is lightly wounded.
The river rat bites you but does no damage.
Found a long sword.
Casting: Flame Tongue
Confirm with . or Enter, or press ? or * to list all spells.
Aiming: Flame Tongue
Press: ? - help, Shift-Dir - straight line, f/p - river rat
Aim: a river rat (lightly wounded, summoned)
The flame tongue hits the river rat.
The river rat is heavily wounded.
The river rat bites you!
You die...

... #.. #.# ... #.# # #.#
#.##.####.##########
#>....@r...........#
)..##.####.########.#### # #.#
#...... #.# #..#### #.# #...# #
####.# #.#.# #
##.####....#######.#.###
.......(................
###############.....##.##.#.#....


You could see a river rat.

Vanquished Creatures
  An ogre (D:4)
  2 crimson imps (D:6)
  A jelly (D:5)
  An orc priest (D:4)
  A centaur skeleton (D:5)
  A worker ant (D:6)
  6 gnolls
  5 adders
  An ooze (D:1)
  2 worms (D:4)
  2 dart slugs
  2 giant geckos
  6 orcs
  3 giant cockroaches
  11 goblins
  12 hobgoblins
  6 jackals
  9 kobolds
  3 quokkas
  A ball python (D:2)
  10 bats
  3 giant newts
  9 rats
98 creatures vanquished.

Notes
Turn   | Place    | Note
--------------------------------------------------------------
     0 | D:1      | raph the Deep Elf Fire Elementalist began the quest for the Orb.
     0 | D:1      | Reached XP level 1. HP: 10/10 MP: 6/6
   361 | D:1      | Reached XP level 2. HP: 14/15 MP: 2/8
   416 | D:1      | Learned a level 2 spell: Throw Flame
   653 | D:1      | Reached skill level 4 in Fire Magic
   875 | D:1      | Reached XP level 3. HP: 19/19 MP: 7/10
  1187 | D:1      | Learned a level 3 spell: Conjure Flame
  1191 | D:1      | Learned a level 3 spell: Inner Flame
  1916 | D:2      | Reached XP level 4. HP: 24/24 MP: 9/12
  2261 | D:2      | Reached skill level 1 in Armour
  3107 | D:3      | Reached skill level 5 in Fire Magic
  3153 | D:3      | Found a white marble altar of Elyvilon.
  3197 | D:3      | Reached XP level 5. HP: 28/28 MP: 4/13
  4168 | D:4      | Noticed an ogre
  4176 | D:4      | Killed an ogre
  4271 | D:4      | Noticed an ogre
  4281 | D:4      | Reached XP level 6. HP: 32/32 MP: 0/14
  4385 | D:4      | Learned a level 4 spell: Sticky Flame
  4794 | D:5      | Entered Level 5 of the Dungeon
  4811 | D:5      | Noticed Mesmaeker13's ghost (novice DsGl)
  5109 | D:5      | Found a staircase to the Ecumenical Temple.
  5124 | Temple   | Entered the Ecumenical Temple
  5248 | Temple   | Became a worshipper of Vehumet
  5291 | D:5      | Reached skill level 6 in Fire Magic
  6016 | D:6      | Reached skill level 1 in Shields
  6038 | D:6      | Noticed Eustachio
  6250 | D:6      | Slain by a river rat

Skill      XL: |  1  2  3  4  5  6 |
---------------+-------------------+-----
Fire Magic     | 4 5 6 |  6.1
Spellcasting   | 4 |  4.6
Armour         | 1 2 |  2.6
Conjurations   | 2 |  2.5
Shields        | 1 |  1.1
Dodging        | |  2.4
Stealth        | |  2.8

Action                   |  1- 3 |  4- 6 || total
-------------------------+-------+-------++-------
Melee: Unarmed           |     1 |       ||     1
       Short sword       |     1 |    21 ||    22
       Whip              |       |     4 ||     4
Throw: Javelin           |       |     9 ||     9
 Cast: Flame Tongue      |    64 |    94 ||   158
       Throw Flame       |     5 |    36 ||    41
       Conjure Flame     |     3 |     8 ||    11
       Inner Flame       |       |     2 ||     2
  Use: Scroll            |       |     2 ||     2
  Eat: Chunk             |     1 |     7 ||     8
       Bread ration      |     1 |       ||     1
       Meat ration       |       |     1 ||     1
Armor: Robe              |     5 |       ||     5
       Leather armour    |     1 |    15 ||    16
Dodge: Dodged            |    30 |    40 ||    70
